 Dungeon Crawl Stone Soup version 0.31.0-1-g2c135a0 (webtiles) character file.

Game seed: 2797142982022686832

3356 Eamon the Thaumaturge (level 9, -8/45 HPs)
             Began as a Deep Elf Conjurer on Jan 23, 2024.
             Mangled by a death yak (16 damage)
             ... on level 8 of the Dungeon.
             The game lasted 00:20:33 (7688 turns).

Eamon the Thaumaturge (Deep Elf Conjurer)           Turns: 7688, Time: 00:20:33

Health: -8/45      AC:  3    Str:  4    XL:     9   Next: 73%
Magic:  20/24      EV: 15    Int: 28    God:
Gold:   364        SH:  0    Dex: 13    Spells: 22/26 levels left

rFire   + . .        q - +10 dagger "Offusch" {holy, *Noise rC++}
rCold   + + .        (no shield)
rNeg    . . .        a - +0 robe
rPois   .            (no helmet)
rElec   .            (no cloak)
rCorr   .            f - +0 pair of gloves
SInv    .            (no boots)
Will    .....        (no amulet)
Stlth   ++           m - ring of protection from fire
HPRegen 0.27/turn    A - ring of flight
MPRegen 0.19/turn

%: no passive effects
@: flying
A: no striking features
a: no special abilities


You were on level 8 of the Dungeon.
You visited 2 branches of the dungeon, and saw 9 of its levels.

You collected 364 gold pieces.

Inventory:

Hand Weapons
 q - the +10 dagger "Offusch" (weapon) {holy, *Noise rC++}
   (You found it on level 4 of the Dungeon)

   rC++:      It greatly protects you from cold.
   *Noise:    It may make a loud noise when swung.
Armour
 a - a +0 robe (worn)
 f - a +0 pair of gloves (worn)
Magical Staves
 o - a staff of death
 s - a staff of air
Jewellery
 m - a ring of protection from fire (left hand)
 y - a +5 ring of evasion
 A - a ring of flight (right hand)
Wands
 v - a wand of flame (23)
Scrolls
 c - a scroll of noise {unknown}
 d - 3 scrolls of teleportation
 h - 2 scrolls of poison
 j - a scroll of enchant armour
 n - a scroll of blinking
 r - 2 scrolls of fog
 w - 3 scrolls of vulnerability
 z - 2 scrolls of immolation
Potions
 b - a potion of attraction
 e - a potion of cancellation {unknown}
 g - 3 potions of curing
 i - a potion of resistance {unknown}
 k - 2 potions of enlightenment {unknown}
 l - a potion of degeneration {unknown}
 p - a potion of haste
 t - 2 potions of berserk rage {unknown}
 u - a potion of magic
 x - a potion of mutation {unknown}
 B - a potion of might {unknown}
 C - a potion of lignification {unknown}


   Skills:
 + Level 5.0 Short Blades
 + Level 8.2 Dodging
 - Level 3.1 Stealth
 + Level 9.1 Spellcasting
 + Level 8.5 Conjurations
 + Level 6.0 Evocations


You had 22 spell levels left.
You knew the following spells:

 Your Spells              Type           Power      Damage    Failure   Level
a - Magic Dart            Conj           100%       1d8       1%          1
b - Searing Ray           Conj           100%       2d8       1%          2
c - Slow                  Hex            48%        N/A       4%          1

Your spell library contained the following spells:

 Spells                   Type           Power      Damage    Failure   Level
 Shock                    Conj/Air       100%       1d9       1%          1
 Fulminant Prism          Conj/Alch      18%        3d10      8%          4
 Iskenderun's Mystic Bla  Conj/Tloc      36%        2d9       8%          4
 Confusing Touch          Hex            12%        N/A       13%         3
 Sigil of Binding         Hex            12%        N/A       13%         3
 Swiftness                Air            12%        N/A       13%         3
 Vampiric Draining        Necr           12%        2d6       13%         3
 Airstrike                Air            6%         2d(1-17)  41%         4


Dungeon Overview and Level Annotations

Branches:
Dungeon (8/15)             Temple (1/1) D:5
   Lair: D:8-11

Altars:
Cheibriados
Dithmenos
Elyvilon
Fedhas
Gozag
Hepliaklqana
Kikubaaqudgha
Makhleb
Nemelex Xobeh
Okawaru
Qazlal
Ru
Trog
Uskayaw
Wu Jian
Xom
Yredelemnul
Zin
The Shining One

Shops:
D:1 :   D:5 =


Message History

The centaur is severely wounded.
The sleepcap barely misses you.
The searing ray hits the sleepcap!
You destroy the sleepcap!
The searing ray hits the sleepcap!
The sleepcap is almost destroyed.
The searing ray misses the centaur.
The searing ray hits the death yak!
The death yak is lightly wounded.
Your Short Blades skill increases to level 5!
The searing ray hits the sleepcap.
You destroy the sleepcap!
The searing ray hits the centaur.
You kill the centaur!
The searing ray hits the death yak.
The death yak is lightly wounded.
You finish channelling your searing ray.
You hear a bellow!
A death yak comes into view.
You hear a bellow!
Your Evocations skill increases to level 6!
Casting: Searing Ray (safe; 1% risk of failure)
Confirm with . or Enter, or press ? or * to list all spells.
Aiming: Slow (safe; 4% risk of failure)
Press: ? - help, Shift-Dir - straight line, f - death yak
Aim: a death yak (chance to affect: 1%)
The death yak resists with almost no effort.
Casting: Slow (safe; 4% risk of failure)
Confirm with . or Enter, or press ? or * to list all spells.
Aiming: Slow (safe; 4% risk of failure)
Press: ? - help, Shift-Dir - straight line, f/p - death yak
Aim: a death yak (chance to affect: 1%)
The death yak resists with almost no effort.
The death yak attacks as it pursues you!
The death yak gores you!
The death yak snorts and paws the ground.
The death yak gores you!
* * * LOW HITPOINT WARNING * * *
The death yak attacks as it pursues you!
The death yak gores you!
You die...

#.#
#.#.#.#.#.##.#.#
#.#
#.#.#.#.#....#.#
#.#
#.#.#.#.######.##
#Y#
#.#.....##...)..#
#Y#
#.....####.######
#.# ####### #.# #.#
#.#
#.############.####
#YY.Y.Y@..........#
###################


You could see 4 death yaks.

Vanquished Creatures
  Erica (D:8)
  The ghost of kaikaun the Slicer, a novice KoBr (D:5)
  Grinder (D:3)
  Sigmund (D:5)
  A shadow (D:5)
  An ice beast (D:6)
  3 ogres
  A centaur (D:8)
  A kobold brigand (D:6)
  2 bullfrogs
  3 scorpions
  6 killer bees
  5 howler monkeys
  5 hounds
  2 jellies
  An orc priest (D:5)
  4 iguanas
  3 sleepcaps
  2 orc wizards
  6 adders
  2 gnolls (D:6)
  3 shadow imps
  4 white imps
  2 ufetubi (D:5)
  5 ribbon worms
  2 dart slugs
  20 orcs
  6 ball pythons
  3 bats (D:3)
  6 endoplasms
  4 giant cockroaches
  6 goblins
  3 hobgoblins
  8 kobolds
  A frilled lizard (D:6)
  4 rats
129 creatures vanquished.

Notes
Turn   | Place    | Note
-------+----------+-------------------------------------------
     0 | D:1      | Eamon the Deep Elf Conjurer began the quest for the Orb.
     0 | D:1      | Reached XP level 1. HP: 10/10 MP: 6/6
   182 | D:1      | Found Ihyi's Book Shoppe.
   396 | D:1      | Reached XP level 2. HP: 15/15 MP: 5/8
   920 | D:2      | Learned a level 2 spell: Searing Ray
  1352 | D:2      | Reached XP level 3. HP: 19/19 MP: 6/10
  1934 | D:3      | Noticed Grinder
  1939 | D:3      | Paralysed by Grinder for 4 turns
  1951 | D:3      | Killed Grinder
  1952 | D:3      | Reached skill level 5 in Spellcasting
  1952 | D:3      | Reached skill level 5 in Conjurations
  1952 | D:3      | Reached XP level 4. HP: 15/24 MP: 8/13
  1952 | D:3      | Reached XP level 5. HP: 18/28 MP: 8/14
  1998 | D:3      | Found a faded altar of an unknown god.
  2980 | D:4      | Reached XP level 6. HP: 32/32 MP: 9/16
  3219 | D:4      | Found an iron altar of Okawaru.
  3268 | D:4      | Reached skill level 5 in Dodging
  3268 | D:4      | Reached skill level 1 in Evocations
  3588 | D:4      | Identified the +10 dagger "Offusch" {holy, *Noise rC++}
  3688 | D:4      | Learned a level 1 spell: Slow
  3817 | D:4      | Reached XP level 7. HP: 36/36 MP: 12/17
  4129 | D:5      | Entered Level 5 of the Dungeon
  4129 | D:5      | Noticed Sigmund
  4139 | D:5      | Killed Sigmund
  4140 | D:5      | Reached skill level 1 in Short Blades
  4140 | D:5      | Reached skill level 6 in Spellcasting
  4236 | D:5      | Found a staircase to the Ecumenical Temple.
  4248 | Temple   | Entered the Ecumenical Temple
  4370 | D:5      | Found Palowide's Jewellery Boutique.
  4814 | D:5      | Found a runed translucent door.
  4814 | D:5      | Noticed kaikaun's ghost (novice KoBr)
  4818 | D:5      | Noticed a shadow
  4827 | D:5      | Killed kaikaun's ghost
  4828 | D:5      | Reached skill level 7 in Spellcasting
  4828 | D:5      | Reached XP level 8. HP: 41/41 MP: 14/20
  5684 | D:6      | Found a bloodstained altar of Trog.
  5917 | D:6      | Reached skill level 8 in Spellcasting
  6136 | D:7      | Identified the +1 leather armour of Duty {+Blink Regen+
                  | Int-5}
  6173 | D:7      | Reached XP level 9. HP: 45/45 MP: 18/23
  6618 | D:6      | Reached skill level 5 in Evocations
  7018 | D:7      | HP: 2/45 [poisoned by a kobold brigand (curare-tipped
                  | dart)]
  7369 | D:7      | Found a faded altar of an unknown god.
  7369 | D:7      | Found a stormy altar of Qazlal.
  7377 | D:7      | Found a faded altar of an unknown god.
  7379 | D:7      | Found a hide-covered altar of Uskayaw.
  7381 | D:7      | Found a hazy altar of Hepliaklqana.
  7474 | D:7      | Found an opulent altar of Gozag.
  7583 | D:8      | Noticed Erica
  7589 | D:8      | Killed Erica
  7590 | D:8      | Reached skill level 9 in Spellcasting
  7665 | D:8      | Noticed a death yak
  7665 | D:8      | Noticed a death yak
  7666 | D:8      | Noticed a death yak
  7673 | D:8      | Reached skill level 5 in Short Blades
  7673 | D:8      | Noticed a death yak
  7688 | D:8      | Mangled by a death yak

Illustrated notes

Levels and vault maps discovered:
D:1:      dpeg_arrival_oval, layout_loops_ring, serial_shops, shop
D:2:      layout_basic, columned_hall_lemuel
D:3:      wad_woods_pond, layout_basic, hellmonk_ecumenical_altar_zigzags,
          uniq_grinder
D:4:      layout_basic, okawaru_trees_2, kennysheep_generic_room_13
D:5:      layout_rooms, minmay_temple_entry_proselytizer,
          ebering_ghost_inner_flame, serial_shops, nicolae_inconvenience_store,
          uniq_sigmund
D:6:      layout_cave_pools, lemuel_tele_altar, minmay_misc_feat_square,
          sigmund_army
D:7:      layout_rooms, nicolae_gozag_cash_rules_everything_around_me,
          chequers_temple_overflow_minitemple, minmay_misc_feat_chi
D:8:      layout_basic, old_standard_altar, dpeg_lair_monsters, uniq_erica
Temple:   nicolae_temple_ecumenical_triangle

Skill      XL: |  1  2  3  4  5  6  7  8  9 |
---------------+----------------------------+-----
Stealth        | 3 |  3.1
Dodging        | 3 4 5 6 7 8 |  8.2
Spellcasting   | 5 7 8 9 |  9.1
Conjurations   | 5 6 7 8 |  8.5
Evocations     | 2 3 4 6 |  6.0
Short Blades   | 2 3 5 |  5.0

Action                     |  1- 3 |  4- 6 |  7- 9 || total
---------------------------+-------+-------+-------++-------
  Melee: Staff             |       |    11 |       ||    11
         Unarmed           |       |     5 |       ||     5
         Punch             |       |     1 |     1 ||     2
         Dagger            |       |     4 |    40 ||    44
   Cast: Magic Dart        |    42 |    69 |   149 ||   260
         Searing Ray       |     4 |     8 |    31 ||    43
         Slow              |       |       |     6 ||     6
    Use: Potion            |     1 |       |     4 ||     5
         Scroll            |       |       |    16 ||    16
   Stab: Sleeping          |       |     1 |       ||     1
 Armour: Robe              |     3 |     7 |    89 ||    99
  Dodge: Dodged            |     3 |     4 |   100 ||   107
